 Dungeon Crawl Stone Soup version 0.30.0-5-g1a98f26d00 (webtiles) character file.

Game seed: 10331353879486536846

59370 olmar the Bludgeoner (level 15, -9/137 HPs)
             Began as a Meteoran Fighter on May 12, 2023.
             Was the Champion of Qazlal.
             Mangled by Donald
             ... wielding a +1 demon trident of electrocution
              (18 damage)
             ... on level 2 of the Orcish Mines.
             The game lasted 00:45:08 (6947 turns).

olmar the Bludgeoner (Meteoran Fighter)             Turns: 6947, Time: 00:45:08

Health: -9/137     AC: 18    Str: 27    XL:     15   Next: 78%
Magic:  0/5        EV: 15    Int:  9    God:    Qazlal [******]
Gold:   159        SH: 16    Dex: 14    Spells: 14/14 levels left

rFire   . . .        N - +5 demon whip "Spellbinder" {antimagic, disrupt, Will+}
rCold   + . .        c - +0 buckler
rNeg    . . .        U - +0 acid dragon scales
rPois   .            (helmet restricted)
rElec   .            Q - +0 cloak
rCorr   +            A - +2 pair of gloves
SInv    .            (no boots)
Will    +++..        J - amulet of guardian spirit
Stlth   +            y - ring of protection from cold
HPRegen 0.42/turn    (no ring)
MPRegen 0.09/turn

%: repel missiles, guardian spirit
@: protected from physical damage, glowing, unable to read
A: sense surroundings 2, otherworldly, glowing, explore regen, antennae 1,
strong-willed 1, inability to read after injury 1
a: Renounce Religion, Upheaval, Elemental Force, Disaster Area


You were on level 2 of the Orcish Mines.
You worshipped Qazlal.
Qazlal was exalted by your worship.
You visited 3 branches of the dungeon, and saw 19 of its levels.
You also visited: Sewer.

You collected 159 gold pieces.

Inventory:

Hand Weapons
 a - a +0 flail
 g - a +0 demon whip of venom
 p - a +1 whip of venom
 r - a +2 whip of venom
 I - the +7 trident of Experimentation {holy, rF+ Str+2}
   (You found it on level 7 of the Dungeon)

   Str:       It affects your strength (+2).
   rF:        It protects you from fire.
 N - the +5 demon whip "Spellbinder" (weapon) {antimagic, disrupt, Will+}
   (You found it on level 4 of the Lair of Beasts)

   Will:      It increases your willpower.
Armour
 b - a +0 scale mail
 c - a +0 buckler (worn)
 v - the +4 leather armour of the Lion {Harm *Corrode rC+++ Regen+}
   (You found it on level 5 of the Lair of Beasts)

   rC:        It renders you almost immune to cold.
   Regen:     It increases your rate of health regeneration.
   *Corrode:  It may corrode you when you take damage.
   Harm:      It increases damage dealt and taken.
 A - a +2 pair of gloves (worn)
 F - a +0 pair of gloves
 H - a +0 chain mail
 K - a +2 ring mail of fire resistance
 Q - a +0 cloak (worn)
 U - +0 acid dragon scales (worn)
Jewellery
 y - a ring of protection from cold (left hand)
 J - an amulet of guardian spirit (around neck)
 P - the ring "Tiaru" {Ice SInv}
   (You found it on level 5 of the Lair of Beasts)

   [ring of ice]

   It enhances your ice magic.
   rF:        It makes you vulnerable to fire.
   rC:        It protects you from cold.
   SInv:      It lets you see invisible.
Wands
 d - a wand of light (4)
 u - a wand of digging (7)
 G - a wand of charming (2) (quivered)
 M - a wand of polymorph (3)
Scrolls
 i - a scroll of enchant armour
 j - a scroll of fog
 l - a scroll of vulnerability
 m - 2 scrolls of blinking
 o - a scroll of noise
 w - a scroll of amnesia
 x - a scroll of butterflies
 z - a scroll of fear
 L - a scroll of teleportation
 S - a scroll of magic mapping
Potions
 e - 3 potions of brilliance
 f - a potion of haste
 h - a potion of might
 k - 3 potions of attraction
 n - 2 potions of lignification
 q - 2 potions of ambrosia
 t - a potion of mutation
 B - 2 potions of degeneration
 C - 3 potions of flight
 D - a potion of magic
Miscellaneous
 R - a piece from Xom's chessboard (11/15)
 T - a phial of floods (inert)


   Skills:
 + Level 13.6 Fighting
 + Level 16.7 Maces & Flails
 - Level 0.1 Throwing
 + Level 14.2 Armour
 + Level 9.1 Dodging
 + Level 15.9 Shields
 + Level 1.5 Invocations
 - Level 1.8 Evocations


You had 14 spell levels left.
You didn't know any spells.
Your spell library contained the following spells:

 Spells                   Type           Power      Damage    Failure   Level
 Gell's Gravitas          Tloc           0%         N/A       83%         3
 Portal Projectile        Hex/Tloc       0%         N/A       83%         3
 Teleport Other           Tloc           0%         N/A       83%         3
 Tukima's Dance           Hex            0%         N/A       83%         3
 Blade Hands              Tmut           0%         N/A       100%        5
 Dispersal                Tloc           0%         N/A       100%        6


Dungeon Overview and Level Annotations

Branches:
Dungeon (12/15) Zot: 3575    Lair (5/5) D:9 Zot: 928  Spider (0/4) Lair:3
  Slime (0/5) Lair:4          Orc (2/2) D:12 Zot: 1017     Elf (0/3) Orc:2
  Sewer (visited)
 Temple: D:4-7        Swamp: Lair:2-3    Shoals: Lair:2-3

Altars:
Elyvilon
Kikubaaqudgha
Nemelex Xobeh
Qazlal
Sif Muna
Trog
Wu Jian
Lugonu

Shops:
D:8 (   D:11 [   Orc:2 !!

Portals:
Abyss: Lair:5

Annotations:
Orc:2 Donald


Innate Abilities, Weirdness & Mutations

You passively map the area around you.
You are easily found by Zot.
You glow in the dark.
You regain HP and MP as you explore.
You have a pair of small antennae on your head.
You are strong-willed. (Will+)
You occasionally lose the ability to read scrolls when taking damage.


Message History

The warg is severely wounded.
You hear a shout!
Donald says, "What was that?
Sorry, I couldn't hear you over all this noise."
You block Donald's attack. The warg bites you.
You hear a shout!
Unknown command.
You thrash the warg!!
You kill the warg!
Qazlal accepts your kill.
Donald is no longer encased in ice.
Donald hits you from afar with a +1 demon trident of electrocution!!
You are electrocuted!
The orc priest is engulfed in freezing vapours.
You block the orc priest's attack.
The orc warrior hits you from afar with a +0 halberd.
You feel more protected from physical attacks.
Donald is no longer blind.
Donald hits you from afar with a +1 demon trident of electrocution!!
You feel threatened and lose the ability to read scrolls!
* * * LOW HITPOINT WARNING * * *
You are electrocuted!
* * * LOW HITPOINT WARNING * * *
The orc priest is engulfed in freezing vapours.
You kill the orc priest!
Qazlal accepts your kill. You block the orc warrior's attack.
The troll is engulfed in freezing vapours.
You see here a warg corpse.
Unknown command.
Unknown command.
You hear a shout!
Donald hits you from afar with a +1 demon trident of electrocution!!
* * * LOW HITPOINT WARNING * * *
The troll is engulfed in freezing vapours.
You hear a shout!
Unknown command.
Unknown command.
You feel better.
Donald hits you from afar with a +1 demon trident of electrocution!!
You die...

...# , , , , *
..# ,
.$....#.....* ,,
* , .# *, *
......#.#.* , # *
,,,
,........####..,,
* *, *
**##.............
#..............,
, * ,
*#.§.........#.,
* * ,
#○.°.°....... , ,
#@.°o....... , ,
* , ,
##T@o....... , ,,
*, * ,, ,
##○o....... ,,, ,
* , * *##○.o.....
, **, ##.ooo.....
,, , * , *,
##.))o...... ,,
## ,
,*##.))o)....._ ,
.##
##..##)....... ,
..## #
##..###........,
,


You could see Donald (fast, strong), a troll, 4 orc warriors, an orc priest and
3 orcs.

Vanquished Creatures
  Kirke (D:12)
  6 hydras
  A catoblepas (Lair:5)
  Erica (D:8)
  A boulder beetle (Lair:5)
  2 two-headed ogres
  2 death yaks (Lair:3)
  3 thrashing horrors (Lair:5)
  2 skysharks
  Amaemon (Lair:3)
  A lindwurm (Lair:5)
  An ugly thing (Lair:5)
  An orc sorcerer (Orc:2)
  An oklob plant (Lair:1)
  2 cyclopes (D:12)
  3 manticores (D:12)
  A black mamba (Lair:5)
  Maurice (D:10)
  15 elephants
  A molten gargoyle (Lair:5)
  3 smoke demons
  A gargoyle (D:12)
  3 rime drakes
  7 cane toads
  An orange demon (Lair:3)
  An unseen horror (D:12)
  A kobold demonologist (D:12)
  7 komodo dragons
  4 ancient zymes (Lair:5)
  2 trolls
  2 hornets
  Grinder (Sewer)
  33 blink frogs
  6 dream sheep (Lair:5)
  5 slime creatures (D:12)
  A shadow (D:12)
  A fire elemental (Lair:5)
  57 yaks
  7 basilisks
  4 wyverns
  A ynoxinul (Lair:5)
  2 hogs (D:12)
  2 wraiths
  A human (D:12)
  A steam dragon (D:9)
  4 vampire mosquitoes
  4 chaos spawn (Lair:5)
  A warg (Orc:2)
  10 small abominations (Lair:5)
  An acid dragon (D:11)
  13 water moccasins
  2 large abominations (Lair:5)
  12 orc warriors
  2 black bears
  10 wolves
  3 centaurs
  4 ogres
  2 phantoms (D:12)
  3 kobold brigands
  5 bullfrogs
  2 gnoll sergeants
  A scorpion (D:6)
  3 wights (D:9)
  11 killer bees (D:10)
  3 troll zombies (D:12)
  7 electric eels
  A howler monkey (D:8)
  4 crimson imps (D:9)
  A quasit (Sewer)
  3 hounds
  3 jellies (Lair:4)
  A gnoll bouda (D:8)
  12 orc priests
  Jessica (D:3)
  6 iguanas
  A scorpion zombie (D:3)
  A sleepcap (D:5)
  6 hell rats (Lair:3)
  12 orc wizards
  3 ogre zombies (D:12)
  2 hound skeletons (D:3)
  7 adders
  10 gnolls
  A river rat (D:6)
  6 shadow imps
  5 white imps
  6 ufetubi
  3 adder zombies (D:3)
  4 worms
  2 dart slugs
  34 orcs
  8 bats
  3 endoplasms
  4 giant cockroaches
  8 hobgoblins
  4 jackals
  2 quokkas
  8 ball pythons
  A ball python zombie (D:3)
  2 frilled lizards
  A giant cockroach zombie (Sewer)
  9 goblins
  A goblin skeleton (D:12)
  2 goblin zombies (D:12)
  2 hobgoblin zombies (D:12)
  21 kobolds
  An orc skeleton (D:12)
  12 orc zombies (D:12)
  7 rats
535 creatures vanquished.

Vanquished Creatures (collateral kills)
  A warg (Orc:1)
  5 orcs
6 creatures vanquished.

Vanquished Creatures (others)
  2 vampire mosquitoes
  An ogre (Orc:2)
  2 orcs (Orc:2)
  An orc skeleton (D:12)
6 creatures vanquished.

Grand Total: 547 creatures vanquished

Notes
Turn   | Place    | Note
-------+----------+-------------------------------------------
     0 | D:1      | olmar the Meteoran Fighter began the quest for the Orb.
     0 | D:1      | Reached XP level 1. HP: 19/19 MP: 2/2
   179 | D:1      | Reached XP level 2. HP: 12/26 MP: 3/3
   212 | D:1      | Reached XP level 3. HP: 29/33 MP: 4/4
   307 | D:2      | Reached skill level 3 in Maces & Flails
   537 | D:3      | Reached XP level 4. HP: 13/40 MP: 5/5
   574 | D:3      | Reached skill level 4 in Maces & Flails
   600 | D:3      | Reached XP level 5. HP: 46/46 MP: 6/6
   632 | D:3      | Reached skill level 1 in Dodging
   721 | D:3      | Found a shimmering blue altar of Sif Muna.
   864 | D:3      | Reached XP level 6. HP: 52/52 MP: 7/7
   875 | D:3      | Noticed Jessica
   881 | D:3      | Killed Jessica
   882 | D:3      | Reached skill level 5 in Maces & Flails
   956 | D:4      | Noticed an ogre
   965 | D:4      | Killed an ogre
   979 | D:4      | Noticed a black bear
   992 | D:4      | Killed a black bear
   993 | D:4      | Reached skill level 6 in Maces & Flails
   993 | D:4      | Reached skill level 5 in Armour
   993 | D:4      | Reached XP level 7. HP: 39/60 MP: 8/8
  1035 | D:5      | Entered Level 5 of the Dungeon
  1035 | D:5      | Found a transporter.
  1118 | D:5      | Reached skill level 7 in Maces & Flails
  1169 | D:5      | Reached XP level 8. HP: 57/67 MP: 9/9
  1177 | D:5      | Found a transporter.
  1186 | D:5      | Reached skill level 5 in Fighting
  1410 | D:6      | Found a stormy altar of Qazlal.
  1418 | D:6      | Became a worshipper of Qazlal Stormbringer
  1578 | D:6      | Found a glowing drain.
  1596 | Sewer    | Entered a sewer
  1683 | Sewer    | Reached * piety under Qazlal
  1708 | Sewer    | Reached skill level 8 in Maces & Flails
  1722 | Sewer    | Found a burning altar of Makhleb.
  1740 | Sewer    | Noticed Grinder
  1756 | Sewer    | Killed Grinder
  1757 | Sewer    | Reached skill level 5 in Shields
  1757 | Sewer    | Gained mutation: You passively map the area around you.
                  | [Meteoran growth]
  1757 | Sewer    | Reached XP level 9. HP: 46/74 MP: 10/10
  1961 | D:7      | Reached ** piety under Qazlal
  1967 | D:7      | Identified the +7 trident of Experimentation {holy, rF+
                  | Str+2}
  2046 | D:7      | Found an ancient bone altar of Kikubaaqudgha.
  2113 | D:8      | Noticed a hornet
  2131 | D:8      | Killed a hornet
  2132 | D:8      | Reached skill level 9 in Maces & Flails
  2173 | D:8      | Reached skill level 5 in Dodging
  2223 | D:8      | Found Votoadgh's Weapon Shoppe.
  2275 | D:8      | Reached XP level 10. HP: 75/83 MP: 11/11
  2313 | D:8      | Noticed Erica
  2347 | D:8      | Killed Erica
  2348 | D:8      | Reached skill level 10 in Maces & Flails
  2348 | D:8      | Reached skill level 1 in Invocations
  2462 | D:9      | Reached skill level 11 in Maces & Flails
  2542 | D:9      | Found a staircase to the Lair.
  2590 | D:9      | Noticed a two-headed ogre
  2610 | D:9      | Killed a two-headed ogre
  2614 | D:9      | Reached XP level 11. HP: 73/92 MP: 12/12
  2639 | D:9      | Found a white marble altar of Elyvilon.
  2639 | D:9      | Found a sparkling altar of Nemelex Xobeh.
  2700 | D:10     | Entered Level 10 of the Dungeon
  2877 | D:9      | Found an ornate altar of the Wu Jian Council.
  3037 | D:9      | Reached *** piety under Qazlal
  3061 | D:9      | Gained mutation: You have a pair of small antennae on your
                  | head. [potion of mutation]
  3061 | D:9      | Gained mutation: You occasionally lose the ability to read
                  | scrolls when taking damage. [potion of mutation]
  3061 | D:9      | Gained mutation: You are strong-willed. (Will+) [potion of
                  | mutation]
  3090 | Lair:1   | Entered Level 1 of the Lair of Beasts
  3090 | Lair:1   | Noticed an oklob plant
  3151 | Lair:1   | Killed an oklob plant
  3152 | Lair:1   | Reached skill level 12 in Maces & Flails
  3208 | Lair:1   | Reached skill level 10 in Armour
  3456 | Lair:1   | Reached skill level 10 in Shields
  3469 | Lair:1   | Reached XP level 12. HP: 94/103 MP: 11/13
  3666 | Lair:2   | Reached **** piety under Qazlal
  3789 | Lair:2   | Reached skill level 13 in Maces & Flails
  3831 | Lair:3   | Noticed Amaemon
  3869 | Lair:3   | Killed Amaemon
  3874 | Lair:3   | Noticed an eight-headed hydra
  3903 | Lair:3   | Killed an eight-headed hydra
  3942 | Lair:3   | Identified the +2 robe of Reason {Dex+4}
  3961 | Lair:3   | Noticed a four-headed hydra
  3982 | Lair:3   | Noticed a death yak
  3984 | Lair:3   | Noticed a five-headed hydra
  3985 | Lair:3   | Killed a four-headed hydra
  4025 | Lair:3   | Reached XP level 13. HP: 77/110 MP: 14/14
  4094 | Lair:3   | Reached skill level 10 in Fighting
  4203 | Lair:3   | Reached ***** piety under Qazlal
  4207 | Lair:3   | Noticed a death yak
  4209 | Lair:3   | Noticed a death yak
  4247 | Lair:3   | Killed a five-headed hydra
  4268 | Lair:3   | Found a hole to the Spider Nest.
  4279 | Lair:3   | Killed a death yak
  4286 | Lair:3   | Killed a death yak
  4424 | Lair:4   | Reached skill level 14 in Maces & Flails
  4527 | Lair:4   | Reached XP level 14. HP: 115/124 MP: 11/15
  4742 | Lair:4   | Found the +5 demon whip "Spellbinder" {antimagic, disrupt,
                  | Will+}
  4751 | Lair:5   | Entered Level 5 of the Lair of Beasts
  4763 | Lair:5   | Reached skill level 15 in Maces & Flails
  5203 | Lair:5   | Reached XP level 15. HP: 103/134 MP: 2/16
  5228 | Lair:5   | Reached ****** piety under Qazlal
  5257 | Lair:5   | Identified the +4 leather armour of the Lion {Harm *Corrode
                  | rC+++ Regen+}
  5356 | Lair:5   | Reached skill level 16 in Maces & Flails
  5361 | Lair:5   | Reached skill level 15 in Shields
  5399 | Lair:5   | Found a corrupted altar of Lugonu.
  5399 | Lair:5   | Found a one-way gate to the infinite horrors of the Abyss.
  5418 | Lair:5   | Identified the ring "Tiaru" {Ice SInv}
  5727 | D:10     | Noticed Maurice
  5750 | D:10     | Killed Maurice
  5944 | D:11     | Found Dadefe's Antique Armour Shoppe.
  6027 | D:12     | Noticed Kirke
  6047 | D:12     | Killed Kirke
  6066 | D:12     | Reached skill level 1 in Evocations
  6312 | D:12     | Found a staircase to the Orcish Mines.
  6717 | Orc:1    | Entered Level 1 of the Orcish Mines
  6794 | Orc:2    | Entered Level 2 of the Orcish Mines
  6853 | Orc:2    | Found Aruf Ybb's Distillery.
  6856 | Orc:2    | Found Horyuck's Distillery.
  6880 | Orc:2    | Found a staircase to the Elven Halls.
  6933 | Orc:2    | Found a bloodstained altar of Trog.
  6933 | Orc:2    | Noticed Donald
  6946 | Orc:2    | HP: 1/137 [Donald/+1 demon trident of electrocution (28)]
  6947 | Orc:2    | Mangled by Donald

Illustrated notes

Levels and vault maps discovered:
D:1:      dpeg_arrival_chambers_temple_mockup, layout_basic, nicolae_wormholes
D:2:      kennysheep_six_static_rooms, layout_basic, basic_altar
D:3:      layout_loops_ring, nicolae_sif_muna_little_library, serial_undead,
          serial_undead_c, serial_undead_b, serial_undead_e, serial_undead_b,
          serial_undead_f, serial_undead_e, serial_undead_e, serial_undead_e,
          serial_undead_a, serial_undead_d, uniq_jessica
D:4:      layout_gridville, minmay_temple_entry_ruins, serial_shops,
          nicolae_shop_tiny_statue_garden, shop, shop, shop, shop
D:5:      gammafunk_steamed_eel, layout_cave_pools, dreamdust_mushroom_princess,
          wad_woods_river_04
D:6:      layout_loops_cross, lemuel_round_altar, portal_sewer_entry_e,
          dk_vineyard_1, uniq_maggie
D:7:      layout_basic, lemuel_doored_altar, mainiacjoe_overflow_surrounded_room
D:8:      minmay_spotlight, layout_cave_pools, serial_shops, shop, uniq_erica
D:9:      minmay_goldmine, layout_irregular_city,
          mainiacjoe_overflow_cross_hatched, nicolae_overflow_two_pavilions,
          dpeg_oklobed_lair, minmay_nine_imps
D:10:     layout_basic, kennysheep_cluttered_room, hellmonk_bongcloud_opening,
          uniq_maurice
D:11:     layout_roguey, serial_shops, nicolae_take_the_stairs, shop, uniq_lodul
D:12:     layout_long_grid, zombieorc1_lemuel, uniq_kirke
Lair:1:   layout_chaotic_city, dpeg_stationary_puzzle
Lair:2:   layout_regular_city, minmay_shoals_entry_beasts,
          infiniplex_staircase_pool
Lair:3:   layout_roguey, dummy_spider_entry, uniq_amaemon
Lair:4:   layout_gridlike, minmay_slime_entry_jelly_boxes, serial_bayou_shore_a
Lair:5:   hellmonk_lair_end_abyssal_woods, layout_gridlike
Orc:1:    layout_caves, serial_shops
Orc:2:    pf_orc_diabolical, layout_caves, serial_shops, nicolae_shop_trees,
          basic_altar, uniq_donald

Skill      XL: |  1  2  3  4  5  6  7  8  9 10 11 12 13 14 15 |
---------------+----------------------------------------------+-----
Armour         | 4 5 6 8 9 10 12 13 14 | 14.2
Maces & Flails | 3 4 6 7 8 9 11 12 13 14 15 16 | 16.7
Shields        | 4 5 6 8 10 11 13 14 15 | 15.9
Dodging        | 1 2 3 5 6 7 8 9 |  9.1
Fighting       | 4 5 6 7 8 9 11 12 13 | 13.6
Invocations    | 1 |  1.5
Evocations     | 1 |  1.8
Throwing       | |  0.1

Action                     |  1- 3 |  4- 6 |  7- 9 | 10-12 | 13-15 || total
---------------------------+-------+-------+-------+-------+-------++-------
  Melee: Flail             |    89 |    16 |       |       |       ||   105
         Whip              |       |   118 |   335 |   549 |       ||  1002
         Demon whip        |       |       |       |    47 |   951 ||   998
  Throw: Throwing net      |       |     1 |     4 |     6 |     1 ||    12
         Dart              |       |       |     5 |     6 |       ||    11
         Javelin           |       |       |     2 |     4 |       ||     6
 Invoke: Upheaval          |       |       |     1 |       |     3 ||     4
  Evoke: Wand              |       |     1 |     5 |    39 |    15 ||    60
         Piece from Xom's  |       |       |       |       |     4 ||     4
         Phial of floods   |       |       |       |       |     1 ||     1
    Use: Scroll            |     1 |     4 |    10 |     4 |    11 ||    30
         Potion            |       |       |       |    14 |     5 ||    19
   Stab: Held in net/web   |       |       |     2 |     2 |       ||     4
         Invisible         |       |       |       |       |     3 ||     3
         Petrified         |       |       |       |       |    19 ||    19
         Petrifying        |       |       |       |       |     2 ||     2
 Armour: Scale mail        |    52 |    70 |   115 |       |       ||   237
         Chain mail        |       |       |    50 |   164 |   208 ||   422
         Skin              |       |       |       |    23 |       ||    23
         Acid dragon scale |       |       |       |       |    63 ||    63
  Dodge: Dodged            |    45 |    45 |   154 |   163 |   284 ||   691
         Repelled          |       |       |       |       |     8 ||     8
  Block: Buckler           |    27 |    32 |   102 |   229 |   568 ||   958
